 Dungeon Crawl Stone Soup version 0.27.1-33-g824d729ab1 (webtiles) character file.

Game seed: 15422340990286502583

5 zeram the Shield-Bearer (level 1, -3/14 HPs)
             Began as a Gargoyle Fighter on Dec 31, 2021.
             Slain by a goblin (5 damage)
             ... led by Robin
             ... on level 2 of the Dungeon.
             The game lasted 00:01:03 (696 turns).

zeram the Shield-Bearer (Gargoyle Fighter)           Turns: 696, Time: 00:01:03

Health: -3/14      AC: 13    Str: 19    XL:     1   Next: 80%
Magic:  1/1        EV:  3    Int:  8    God:
Gold:   0          SH: 11    Dex:  9    Spells: 0/0 levels left

rFire    . . .     SeeInvis .   a - +0 flail
rCold    . . .     Faith    .   f - +2 kite shield
rNeg     + . .     Spirit   .   g - +0 plate armour
rPois    ∞         Reflect  .   (no helmet)
rElec    +         Harm     .   (no cloak)
rCorr    .         Rampage  .   (no gloves)
Will     .....                  (no boots)
Stlth    ..........             (no amulet)
HPRegen  0.04/turn              (no ring)
MPRegen  0.07/turn              (no ring)

@: mighty
A: sickness immunity, AC +2, negative energy resistance 1, electricity
resistance, torment resistance 1, petrification resistance
a: no special abilities


You were on level 2 of the Dungeon.
You visited 1 branch of the dungeon, and saw 2 of its levels.

Inventory:

Hand Weapons
 a - a +0 flail (weapon)
Missiles
 h - 2 throwing nets (quivered)
Armour
 b - a +0 scale mail
 c - a +0 kite shield
 f - a +2 kite shield (worn)
 g - a +0 plate armour (worn)
Scrolls
 j - 4 scrolls of identify {unknown}
 k - a scroll of teleportation {unknown}
Potions
 e - a potion of curing {unknown}
 i - a potion of brilliance {unknown}


   Skills:
 - Level 3.2 Fighting
 + Level 2.0 Maces & Flails
 + Level 3.4 Armour
 + Level 3.4 Shields


You couldn't memorise any spells.
You didn't know any spells.
Your spell library was empty.

Dungeon Overview and Level Annotations

Branches:
Dungeon (2/15)

Altars:

Shops:
D:1 *

Annotations:
D:2 Robin


Innate Abilities, Weirdness & Mutations

You are immune to sickness and miasma.
Your stone body is resilient. (AC +2)
You are immune to poison.
You resist negative energy. (rN+)
You are resistant to electric shocks. (rElec)
You are resistant to unholy torment.
You are immune to petrification.


Message History

You miss the goblin.
The goblin shouts!
You hear an angry hiss.
A goblin comes into view. It is wielding a +0 dagger.
The kobold hits you but does no damage.
A goblin comes into view. It is wielding a +0 dagger.
You block the goblin's attack.
A hobgoblin comes into view.
The kobold hits you but does no damage. The goblin hits you but does no damage.
A hobgoblin comes into view.
The goblin shouts!
You block the kobold's attack. The goblin hits you with a +0 dagger.
Robin throws the goblin at you! The kobold barely misses you.
You block the goblin's attack.
You barely miss the goblin.
Robin roars a battlecry!
The goblins go into a battle-frenzy!
The kobold completely misses you. You block the goblin's attack.
Robin throws the goblin at you! The goblin hits you but does no damage.
The kobold barely misses you.
Your shield and plate armour prevent you from hitting the goblin.
A goblin comes into view. It is wielding a +0 dagger.
The goblin hits you but does no damage. x2; You block the kobold's attack.
The goblin hits you but does no damage. The goblin hits you with a +0 dagger.
You block the goblin's attack.
The goblin hits you but does no damage. x2
You feel very mighty all of a sudden. You block the goblin's attack.
The goblin hits you but does no damage. You block the kobold's attack.
The goblin hits you with a +0 dagger.
A frilled lizard comes into view.
The goblin hits you but does no damage. Robin throws the goblin at you!
The goblin barely misses you. The goblin hits you with a +0 dagger.
The goblin hits you but does no damage.
You barely miss the goblin.
The frilled lizard hisses angrily.
The goblin hits you but does no damage. You block the goblin's attack.
The kobold hits you but does no damage. The goblin hits you with a +0 dagger.
* * * LOW HITPOINT WARNING * * *
You block the goblin's attack. The goblin hits you with a +0 dagger.
* * * LOW HITPOINT WARNING * * *
The goblin hits you with a +0 dagger.
You die...

##.###.#+####
#.......#
#####.### #.#
#.# ###'#####
#.......#
#....ggg#
#...gK@g#
#....ggg#
#.........
$..g.........
#.l##g###!....#
.... .. .....#
g#. ##. ....<#
##....


You could see Robin, 2 hobgoblins, 7 goblins, a kobold and a frilled lizard.

Vanquished Creatures
  2 quokkas
  A ball python (D:1)
  A kobold (D:1)
  2 rats (D:1)
6 creatures vanquished.

Notes
Turn   | Place    | Note
-------+----------+-------------------------------------------
     0 | D:1      | zeram the Gargoyle Fighter began the quest for the Orb.
     0 | D:1      | Reached XP level 1. HP: 14/14 MP: 1/1
   280 | D:1      | Found Rupiacw's General Store.
   353 | D:1      | You fall into a shaft and drop 1 floor!
   688 | D:2      | Noticed Robin
   696 | D:2      | Slain by a goblin

Illustrated notes

Levels and vault maps discovered:
D:1:      nagdon_arrival_double_spiral, layout_loops_cross, serial_shops,
          nicolae_shop_stone
D:2:      layout_basic, uniq_robin

Action                   || total
-------------------------++-------
Melee: Flail             ||    22
  Use: Potion            ||     1
Armor: Plate armour      ||    26
Dodge: Dodged            ||     5
Block: Kite shield       ||    22
